AoeStats
← 极地沙尘暴

Arena

508009034Analyzed
3v3 RM · 11d ago on Sep 20, 2026· 63m 55s· 6 players
Game mode
Random Map
Map size
Normal (6 player)
Population
200
Speed
Normal
Resources
Standard
Victory
Conquest
Starting age
Dark Age
Ending age
Imperial Age
RankedLock teamsTeams togetherTeam positionsShared explorationLock speedFull tech treeHidden civsTurbo modeCheats
Victory
Defeat
🇨🇱 Persians · Chile
1427
+12
🇨🇱 Bohemians · Chile
1406
+13
🇨🇱 Byzantines · Chile
1310
+18
🇨🇳 Wei · China
1362
-15
🇨🇳 Mongols · China
1361
-15
🇳🇱 Bohemians · Netherlands
1314
-13
极地沙尘暴
10:03 Feudal Age
13:41 Castle Age
12:29 Double-Bit Axe
12:54 Horse Collar
21:24 Bow Saw
22:18 Heavy Plow
23:48 Wheelbarrow
25:17 Hand Cart
26:25 Loom
29:39 Imperial Age
27:20 Husbandry
27:20 Gold Mining
28:03 Fletching
28:14 Padded Archer Armor
28:56 Bloodlines
28:44 Bodkin Arrow
29:15 Ballistics
29:28 Thumb Ring
29:59 Leather Archer Armor
30:45 Conscription
31:03 Bracer
31:31 Nomads
32:00 Elite Mangudai
33:46 Chemistry
32:42 Light Cavalry
33:50 Scale Barding Armor
33:55 Forging
36:30 Parthian Tactics
37:49 Iron Casting
43:25 Hussar
45:49 Blast Furnace
45:12 Chain Barding Armor
Mush
10:59 Feudal Age
16:09 Castle Age
14:38 Double-Bit Axe
14:35 Horse Collar
18:24 Bow Saw
25:15 Imperial Age
24:41 Bow Saw
32:54 Wheelbarrow
32:32 Pikeman
33:15 Loom
41:52 Hand Cart
42:24 Scale Mail Armor
42:34 Forging
42:58 Halberdier
43:38 Squires
44:32 Chain Mail Armor
46:29 Plate Mail Armor
46:44 Iron Casting
50:25 Squires
50:15 Arson
剃刀割猪头
7:41 Loom
9:27 Feudal Age
10:08 Double-Bit Axe
10:05 Horse Collar
13:13 Gold Mining
16:15 Stone Mining
18:52 Castle Age
17:38 Scale Barding Armor
19:06 Bloodlines
20:18 Bow Saw
20:19 Husbandry
23:00 Heavy Plow
24:20 Wheelbarrow
23:30 Loom
26:15 Gold Shaft Mining
26:18 Stone Shaft Mining
26:17 Devotion
26:32 Forging
28:06 Chain Barding Armor
27:22 Light Cavalry
35:14 Imperial Age
33:39 Fletching
33:49 Padded Archer Armor
34:38 Hand Cart
34:38 Bodkin Arrow
36:17 Ballistics
37:21 Chemistry
36:24 Bracer
36:39 Leather Archer Armor
38:55 Ring Archer Armor
39:05 Thumb Ring
39:26 Parthian Tactics
39:11 Treadmill Crane
39:42 Masonry
40:38 Hoardings
40:24 Conscription
40:46 Crop Rotation
40:58 Iron Casting
40:25 Scale Mail Armor
39:50 Pikeman
40:30 Squires
41:03 Fortified Wall
41:19 Halberdier
43:37 Chain Mail Armor
44:24 Blast Furnace
Mr. Persa
10:36 Feudal Age
12:59 Loom
15:25 Castle Age
13:52 Double-Bit Axe
14:08 Horse Collar
16:55 Bow Saw
18:32 Heavy Plow
22:20 Town Watch
23:54 Wheelbarrow
30:07 Imperial Age
27:41 Scale Mail Armor
28:25 Forging
28:18 Squires
29:14 Chain Mail Armor
28:44 Pikeman
30:14 Iron Casting
30:16 Hand Cart
30:37 Halberdier
31:32 Arson
32:20 Plate Mail Armor
33:06 Conscription
34:27 Chemistry
33:50 Fletching
34:00 Padded Archer Armor
34:22 Ballistics
34:46 Bodkin Arrow
34:24 Elite Skirmisher
35:45 Leather Archer Armor
37:13 Bracer
37:44 Ring Archer Armor
38:45 Blast Furnace
39:35 Elite Hussite Wagon
41:07 Masonry
40:38 Treadmill Crane
41:52 Siege Engineers
41:37 Houfnice
42:20 Arson
43:23 Architecture
42:34 Treadmill Crane
44:21 Hussite Reforms
44:28 Wagenburg Tactics
46:30 Town Patrol
46:44 Guilds
49:40 Coinage
54:21 Murder Holes
54:37 Fortified Wall
54:18 Guard Tower
56:16 Sanctity
55:57 Devotion
56:07 Redemption
55:58 Atonement
56:09 Fervor
56:14 Block Printing
56:25 Illumination
55:55 Herbal Medicine
56:36 Theocracy
56:21 Heresy
58:11 Banking
58:29 Keep
57:42 Arrowslits
58:17 Bombard Tower
58:03 Siphons
58:09 Clinker Construction
58:09 Careening
60:25 Faith
62:58 Two-Man Saw
61:58 Heavy Plow
62:34 Spies/Treason
LeosMind
11:11 Feudal Age
15:43 Castle Age
14:57 Loom
18:02 Gold Mining
18:31 Fervor
22:55 Imperial Age
22:11 Double-Bit Axe
24:46 Block Printing
25:59 Redemption
26:20 Bow Saw
29:11 Sanctity
32:09 Fervor
31:44 Horse Collar
33:19 Chemistry
33:04 Illumination
35:28 Theocracy
36:29 Padded Archer Armor
37:59 Leather Archer Armor
38:25 Wheelbarrow
41:58 Ring Archer Armor
42:38 Elite Skirmisher
44:41 Fletching
46:04 Ballistics
45:41 Bodkin Arrow
46:02 Heavy Plow
47:29 Bracer
47:46 Devotion
53:22 Two-Man Saw
52:39 Hand Cart
52:53 Faith
52:55 Pikeman
55:55 Scale Mail Armor
56:22 Conscription
56:39 Hoardings
56:55 Chain Mail Armor
59:15 Treadmill Crane
59:37 Murder Holes
61:51 Spies/Treason
63:18 Atonement
63:39 Heresy
Al Ghouti
11:15 Feudal Age
15:15 Castle Age
13:10 Double-Bit Axe
13:07 Horse Collar
29:19 Imperial Age
27:25 Loom
28:57 Scale Barding Armor
29:52 Wheelbarrow
30:27 Bloodlines
30:19 Husbandry
30:16 Heavy Camel Rider
31:28 Chain Barding Armor
31:28 Forging
33:58 Plate Barding Armor
34:25 Iron Casting
34:39 Town Watch
35:10 Hand Cart
34:32 Cavalier
36:12 Masonry
36:18 Gold Mining
36:18 Stone Mining
36:39 Bow Saw
36:30 Heavy Plow
38:02 Conscription
38:43 Blast Furnace
37:06 Light Cavalry
38:16 Fletching
38:26 Savar
40:09 Gold Shaft Mining
40:10 Stone Shaft Mining
41:24 Hussar
43:08 Bodkin Arrow
45:27 Elite War Elephant
48:24 Two-Man Saw
47:55 Crop Rotation
47:45 Guilds
50:12 Fervor
51:04 Chemistry
50:24 Ballistics
52:59 Architecture
53:50 Citadels
54:16 Hoardings
55:58 Murder Holes
61:46 Spies/Treason
Connection lost

Rejoining the realm…

Still unreachable

The connection could not be restored.

Session expired

The server has moved on; the page needs a fresh start.